Workbook

Sheet Instructions and Set Up
A1: Homework Starts with Home Program Grant
A2: 4-Year Budget Template Instructions
A4: Enter your program name here:
A7: Enter all organizations, including subgrantees, that will receive funding under this grant. One per blank and include contact information:
B8: Organization Name* | C8: Contact Person | D8: Phone Number | E8: Email address
A9: Lead Applicant: | B9: 0 | C9: 0 | D9: 0 | E9: 0
A10: Organization 2: | B10: 0 | C10: 0 | D10: 0 | E10: 0
A11: Organization 3: | B11: 0 | C11: 0 | D11: 0 | E11: 0
A12: Organization 4: | B12: 0 | C12: 0 | D12: 0 | E12: 0
A13: Organization 5: | B13: 0 | C13: 0 | D13: 0 | E13: 0
A14: Organization 6: | B14: 0 | C14: 0 | D14: 0 | E14: 0
A16: *Note: Organization names listed above will auto populate onto the 4-Year Budget tab beginning in cell B12
A17: This budget worksheet has three tabs:
A18: 1. Instructions and Set Up (this tab)
A19: 2. Household Projections
A20: 3. 4-Year Budget
A22: STEP 1: Complete the blank cells (blue) above.
A24: STEP 2: Complete the Households Projections spreadsheet (next tab).
A26: STEP 3: Complete the budget for the four-year term. Please specify the expenses using the expense categories for each funding source in each row assigned to the appropriate organization in its corresponding column. NOTE: Refer to the RFP Instructions for the list of eligible expenses.
A27: FHPAP Administrative costs cannot exceed 15% of your total FHPAP budget. HTF Administrative fee is a flat rate.
A29: If you have any questions about your budget, contact nancy.urbanski@state.mn.us or diane.elias@state.mn.us

Sheet Household Projections
A1: Homework Starts with Home 4-Year Budget October 1, 2027 - September 30, 2031 Household Projections
A4: ='Instructions and Set Up'!A5 -> 0
A5: Instructions: Provide a projection for the number of households to be served by each funding source and program year. These projections are intended to assist with program management and monitoring, including managing spending rates to help ensure that sufficient resources remain to support students and their families over the full grant period. Step 1: Identify new households, i.e. those new to this program, to be enrolled in each program year and enter these into cells C8, D8, E8 and F8. The total new households will auto-populate into cell G8. Note that new households in this category are unduplicated. Next, in Row 9, enter the number of households that will continue from the previous year in (note Program Year 1, cell C9, is applicable to current grantees only). For example, households served in Year 1 that will continue to be served in Year 2 will be entered in cell D9. Total households will auto-populate into cell G9. Step 2: Identify the number of new households that will be served by HTF and FHPAP in each program year. Note that a household may receive support from one or both funding sources; therefore, the total number of households may be larger than those identified in Step 1. Cells G14 and G15 will auto-populate. Step 3: Identify the number of households that will carry over from the previous year, by each funding source. Note Year 1 pertains to current HSWH grantees only. The Total Households to be Served each program year (Rows 23 and 24) will auto-populate.
A7: (1) | B7: Estimated new households to be served… | C7: Program Year 1 | D7: Program Year 2 | E7: Progarm Year 3 | F7: Program Year 4 | G7: Total
B8: New households enrolled, regardless of funding source | C8: 0 | D8: 0 | E8: 0 | F8: 0 | G8: =SUM(C8:F8) -> 0
B9: Households continuing from previous program year, regardless of funding source * | C9: 0 | D9: 0 | E9: 0 | F9: 0 | G9: =SUM(C9:F9) -> 0
B10: Total New Households for the Grant Period | C10: =SUM(C8:C9) -> 0 | D10: =SUM(D8:D9) -> 0 | E10: =SUM(E8:E9) -> 0 | F10: =SUM(F8:F9) -> 0 | G10: =SUM(G8:G9) -> 0
B11: *Program Year 1 applies to current HSWH grantees only. If a new applicant, leave blank.
A13: (2) | B13: Estimated new households to be served by funding source… | C13: Program Year 1 | D13: Program Year 2 | E13: Program Year 3 | F13: Program Year 4 | G13: Total
B14: …with Housing Trust Fund funds (HTF) | C14: 0 | D14: 0 | E14: 0 | F14: 0 | G14: =SUM(C14:F14) -> 0
B15: …with Family Homeless Prevention and Assistance Program funds (FHPAP) | C15: 0 | D15: 0 | E15: 0 | F15: 0 | G15: =SUM(C15:F15) -> 0
A17: (3) | B17: Estimated carryover households from the previous program year to be served… | C17: Program Year 1 | D17: Program Year 2 | E17: Program Year 3 | F17: Program Year 4
B18: …with HTF | C18: 0 | D18: 0 | E18: 0 | F18: 0
B19: …with FHPAP | C19: 0 | D19: 0 | E19: 0 | F19: 0
B22: Total to be served… | C22: Program Year 1 | D22: Program Year 2 | E22: Program Year 3 | F22: Program Year 4
B23: … with HTF | C23: =C14+C18 -> 0 | D23: =D14+D18 -> 0 | E23: =E14+E18 -> 0 | F23: =F14+F18 -> 0
B24: …with FHPAP | C24: =C15+C19 -> 0 | D24: =D15+D19 -> 0 | E24: =E15+E19 -> 0 | F24: =F15+F19 -> 0
B25: GRAND TOTAL | C25: =SUM(C23:C24) -> 0 | D25: =SUM(D23:D24) -> 0 | E25: =SUM(E23:E24) -> 0 | F25: =SUM(F23:F24) -> 0

Sheet 4-Year Budget
A1: Homework Starts with Home 4-Year Budget October 1, 2027 - September 30, 2031
A5: Assumptions:
A6: Unique Households to be served with Housing Trust Fund | B6: ='Household Projections'!G14 -> 0
A7: Average rental assistance cost per household per month Year 1 | B7: 0
A8: Average rental assistance cost per household per month Year 2 | B8: 0
A9: Administrative Fee Per Household Per Month* | B9: 0
B12: ='Instructions and Set Up'!B9 -> 0 | C12: ='Instructions and Set Up'!B10 -> 0 | D12: ='Instructions and Set Up'!B11 -> 0 | E12: ='Instructions and Set Up'!B12 -> 0 | F12: ='Instructions and Set Up'!B13 -> 0 | G12: ='Instructions and Set Up'!B14 -> 0
A13: Housing Trust Fund | H13: TOTAL
A14: Direct Assistance
A15: Rental Assistance | B15: 0 | C15: 0 | D15: 0 | E15: 0 | F15: 0 | G15: 0 | H15: =SUM(B15:G15) -> 0
A16: Other Housing-Related Expenses | B16: 0 | C16: 0 | D16: 0 | E16: 0 | F16: 0 | G16: 0 | H16: =SUM(B16:G16) -> 0
A17: Administration
A18: Total Administrative costs* | B18: 0 | C18: 0 | D18: 0 | E18: 0 | F18: 0 | G18: 0 | H18: =SUM(B18:G18) -> 0
A19: TOTAL Housing Trust Fund Budget | B19: =B15+B16+B18 -> 0 | C19: =C15+C16+C18 -> 0 | D19: =D15+D16+D18 -> 0 | E19: =E15+E16+E18 -> 0 | F19: =F15+F16+F18 -> 0 | G19: =G15+G16+G18 -> 0 | H19: =H15+H16+H18 -> 0
A21: Family Homeless Prevention and Assistance Program | H21: TOTAL
A22: List Staff FTE's | B22: 0 | C22: 0 | D22: 0 | E22: 0 | F22: 0 | G22: 0 | H22: =SUM(B22:G22) -> 0
A23: Direct Assistance
A24: *Rent payment assistance, rental deposit, late fees and rental application fees *Mortgage payment assistance *Utility payment assistance *Transportation assistance, vital documents, moving assistance, furniture, household supplies, basic needs, condemnation mitigation, school supplies | B24: 0 | C24: 0 | D24: 0 | E24: 0 | F24: 0 | G24: 0 | H24: =SUM(B24:G24) -> 0
A25: Supportive Services
A26: Staffing | B26: 0 | C26: 0 | D26: 0 | E26: 0 | F26: 0 | G26: 0 | H26: =SUM(B26:G26) -> 0
A27: Travel | B27: 0 | C27: 0 | D27: 0 | E27: 0 | F27: 0 | G27: 0 | H27: =SUM(B27:G27) -> 0
A28: All other Support Services Expenses | B28: 0 | C28: 0 | D28: 0 | E28: 0 | F28: 0 | G28: 0 | H28: =SUM(B28:G28) -> 0
A29: Total Support Services | B29: =SUM(B26:B28) -> 0 | C29: =SUM(C26:C28) -> 0 | D29: =SUM(D26:D28) -> 0 | E29: =SUM(E26:E28) -> 0 | F29: =SUM(F26:F28) -> 0 | G29: =SUM(G26:G28) -> 0 | H29: =SUM(B29:G29) -> 0
A30: Administration
A31: Staffing | B31: 0 | C31: 0 | D31: 0 | E31: 0 | F31: 0 | G31: 0 | H31: =SUM(B31:G31) -> 0
A32: Travel | B32: 0 | C32: 0 | D32: 0 | E32: 0 | F32: 0 | G32: 0 | H32: =SUM(B32:G32) -> 0
A33: All Other Administration Expenses | B33: 0 | C33: 0 | D33: 0 | E33: 0 | F33: 0 | G33: 0 | H33: =SUM(B33:G33) -> 0
A34: Total Administration | B34: =SUM(B31:B33) -> 0 | C34: =SUM(C31:C33) -> 0 | D34: =SUM(D31:D33) -> 0 | E34: =SUM(E31:E33) -> 0 | F34: =SUM(F31:F33) -> 0 | G34: =SUM(G31:G33) -> 0 | H34: =SUM(H31:H33) -> 0
A35: TOTAL FHPAP Budget | B35: =B24+B29+B34 -> 0 | C35: =C24+C29+C34 -> 0 | D35: =D24+D29+D34 -> 0 | E35: =E24+E29+E34 -> 0 | F35: =F24+F29+F34 -> 0 | G35: =G24+G29+G34 -> 0 | H35: =H24+H29+H34 -> 0
A37: TOTAL COMBINED BUDGET | B37: =B35+B19 -> 0 | C37: =C35+C19 -> 0 | D37: =D35+D19 -> 0 | E37: =E35+E19 -> 0 | F37: =F35+F19 -> 0 | G37: =G35+G19 -> 0 | H37: =H35+H19 -> 0
A39: Total Travel | B39: =H27+H32 -> 0
A41: *The Administrative Fee will be paid to the Administrator each month in which a Participant resides in an eligible Assisted Unit. Minnesota Housing will approve an Administrative Fee within a range of $62 to $76 per household per month. New applicants should refer to the HTF Program Rental Assistance Guide for further guidance. The applicant's proposed monthly Administrative Fee may not exceed the fee paid by HUD to administrators of the Section 8 housing assistance program in the same jurisdiction, as described in Code of Federal Regulations, title 24, section 982.152.
